 Dungeon Crawl Stone Soup version 0.31-a0-925-g0a390f2509 (webtiles) character file.

Game seed: 7785032800723899306

39 javelincjr the Poker (level 3, 0/28 HPs)
             Began as a Demonspawn Gladiator on Oct 18, 2023.
             Slain by an adder (3 damage)
             ... on level 2 of the Dungeon.
             The game lasted 00:03:38 (1365 turns).

javelincjr the Poker (Demonspawn Gladiator)         Turns: 1365, Time: 00:03:38

Health: 0/28       AC:  5    Str: 16    XL:     3   Next: 28%
Magic:  12/12      EV: 12    Int:  9    God:
Gold:   70         SH:  0    Dex: 16    Spells: 2/2 levels left

rFire   . . .        a - +0 trident
rCold   . . .        (no shield)
rNeg    . . .        b - +0 leather armour
rPois   .            c - +0 helmet
rElec   .            n - +0 cloak
rCorr   .            (no gloves)
SInv    .            (no boots)
Will    .....        (no amulet)
Stlth   ++           k - ring of magical power
HPRegen 0.24/turn    (no ring)
MPRegen 0.13/turn

%: no passive effects
@: lethally poisoned (0 -> -1)
A: claws 1, thin skeletal structure 1
a: no special abilities


You were on level 2 of the Dungeon.
You visited 1 branch of the dungeon, and saw 2 of its levels.

You collected 70 gold pieces.

Inventory:

Hand Weapons
 a - a +0 trident (weapon)
 h - a +0 hand axe
Missiles
 d - 3 throwing nets (quivered)
 e - a javelin
 f - 6 boomerangs
Armour
 b - a +0 leather armour (worn)
 c - a +0 helmet (worn)
 n - a +0 cloak (worn)
Jewellery
 k - a ring of magical power (left claw)
Scrolls
 g - 2 scrolls of identify {unknown}
 i - a scroll of teleportation {unknown}
 j - a scroll of revelation {unknown}
 o - a scroll of amnesia {unknown}
 p - 2 scrolls of silence {unknown}
Potions
 m - a potion of might {unknown}
 q - a potion of heal wounds {unknown}


   Skills:
 + Level 2.7 Fighting
 + Level 3.1 Polearms
 - Level 1.7 Throwing
 + Level 3.1 Dodging


You had 2 spell levels left.
You didn't know any spells.
Your spell library was empty.

Dungeon Overview and Level Annotations

Branches:
Dungeon (2/15)

Altars:


Innate Abilities, Weirdness & Mutations

You have sharp fingernails.
You have a somewhat thin skeletal structure. (Dex +2, Stealth+)


Message History

You are more poisoned.
The adder poisons you! The giant cockroach closely misses you.
The kobold hits you but does no damage.
You miss the adder.
The adder is moderately wounded.
You hit the kobold.
You kill the kobold!
You closely miss the giant cockroach.
You feel very sick. The adder bites you.
* * * LOW HITPOINT WARNING * * *
The giant cockroach misses you. The adder bites you.
* * * LOW HITPOINT WARNING * * *
You are more poisoned.
The adder poisons you! The giant cockroach barely misses you.
It was a potion of curing.
You feel better. The adder barely misses you. The endoplasm hits you.
The giant cockroach barely misses you.
You closely miss the adder.
The adder is moderately wounded.
The adder closely misses you. The adder bites you but does no damage.
a - a +0 trident (weapon)
The adder bites you but does no damage.
You closely miss the adder.
The adder is moderately wounded.
The adder bites you.
* * * LOW HITPOINT WARNING * * *
You miss the adder.
The adder is moderately wounded.
The adder misses you.
You miss the adder.
The adder is moderately wounded.
The adder bites you but does no damage. The adder bites you.
* * * LOW HITPOINT WARNING * * *
You are poisoned.
The adder poisons you!
You closely miss the adder.
The adder is moderately wounded.
* * * LOW HITPOINT WARNING * * *
You feel sick. The adder bites you.
You die...

##.# ..## . #.# ...
.. #.#...# .. ......#
..#.###.#...#
.........# #.BJ...#
#S#.# #@#.# #.# #.#.#
#.# #.#.# #.# #.#.#
#.# #...###.#
##...##(#
##.....########
###.####.##.<#......#
.........##.##.####.#


You could see an adder, an endoplasm and a giant cockroach.

Vanquished Creatures
  A dart slug (D:1)
  3 bats (D:1)
  6 endoplasms (D:1)
  3 giant cockroaches (D:1)
  4 goblins
  A jackal (D:1)
  2 quokkas
  5 ball pythons
  2 frilled lizards (D:1)
  3 kobolds
  3 rats (D:1)
33 creatures vanquished.

Notes
Turn   | Place    | Note
-------+----------+-------------------------------------------
     0 | D:1      | javelincjr the Demonspawn Gladiator began the quest for the
                  | Orb.
     0 | D:1      | Reached XP level 1. HP: 16/16 MP: 1/1
    68 | D:1      | Found a large runed translucent door.
    68 | D:1      | Found a large runed translucent door.
   438 | D:1      | Gained mutation: You have a somewhat thin skeletal
                  | structure. (Dex +2, Stealth+) [demonic ancestry]
   438 | D:1      | Reached XP level 2. HP: 17/22 MP: 2/2
  1194 | D:1      | Gained mutation: You have sharp fingernails. [demonic
                  | ancestry]
  1194 | D:1      | Reached XP level 3. HP: 13/28 MP: 3/3
  1365 | D:2      | Slain by an adder

Illustrated notes

Levels and vault maps discovered:
D:1:      erik_arrival_cave_to_civilisation [erik_arrival_cave_to_temple],
          layout_basic, serial_forest, infiniplex_forest_end_3,
          infiniplex_forest_clump_small, infiniplex_forest_end_1,
          infiniplex_forest_zigzag_2, infiniplex_forest_lined_3,
          infiniplex_forest_clump_large
D:2:      layout_basic, minmay_surrounded, uniq_sigmund, uniq_natasha,
          uniq_robin

Skill      XL: |  1  2 |
---------------+-------+-----
Polearms       | 3 |  3.1
Dodging        | 3 |  3.1
Fighting       | |  2.7
Throwing       | |  1.7

Action                     || total
---------------------------++-------
  Melee: Trident           ||    39
         Hand axe          ||    41
         Punch             ||     1
    Use: Potion            ||     1
   Stab: Sleeping          ||     1
 Armour: Leather armour    ||    58
  Dodge: Dodged            ||    63

Table legend: (Time is in decaauts)
 A = Elapsed time spent in this place.
 B = Non-inter-level travel time spent in this place.
 C = Inter-level travel time spent in this place.
 D = Time resting spent in this place.
 E = Time spent auto-exploring this place.
 F = Levels seen in this place.
 G = Mean time per level.
                   A        B        C        D        E       F      G
               +--------+--------+--------+--------+--------+-----+--------+
         Total |   1377 |   1346 |     31 |      0 |   1142 |   2 |  688.5 |
       Dungeon |   1377 |   1346 |     31 |      0 |   1142 |   2 |  688.5 |
               +--------+--------+--------+--------+--------+-----+--------+

Top non-repeatable levels by time:
     D:1: 1286 daAuts
     D:2: 91 daAuts
